 Dungeon Crawl Stone Soup version 0.28.0-45-g0d030f2227 (webtiles) character file.

Game seed: 793659119639809641

287 CryoSword the Firebug (level 5, -8/41 HPs)
             Began as a Demigod Fire Elementalist on Apr 10, 2022.
             Mangled by Grinder (9 damage)
             ... while paralysed by Grinder
             ... on level 3 of the Dungeon.
             The game lasted 00:03:56 (2562 turns).

CryoSword the Firebug (Demigod Fire Elementalist)   Turns: 2562, Time: 00:03:56

Health: -8/41      AC:  2    Str:  6 (9)  XL:     5   Next: 81%
Magic:  1/10       EV:  2    Int: 18 (21) God:
Gold:   24         SH:  0    Dex: 13 (14) Spells: 4/7 levels left

rFire   + . .      SeeInvis .   m - +0 dagger (elec)
rCold   x . .      Faith    .   (no shield)
rNeg    . . .      Spirit   .   a - +0 robe
rPois   .          Reflect  .   (no helmet)
rElec   .          Harm     .   (no cloak)
rCorr   +          Rampage  .   (no gloves)
Will    .....                   (no boots)
Stlth   ++........              (no amulet)
HPRegen 0.13/turn               d - ring of fire
MPRegen 0.12/turn               n - ring of resist corrosion

@: paralysed, brilliant
A: high MP 1, forlorn, divine attributes
a: no special abilities


You were on level 3 of the Dungeon.
You visited 1 branch of the dungeon, and saw 3 of its levels.

You collected 24 gold pieces.

Inventory:

Hand Weapons
 m - a +0 dagger of electrocution (weapon)
   (You took it off a kobold on level 2 of the Dungeon)
Missiles
 c - 5 poisoned darts (quivered)
Armour
 a - a +0 robe (worn)
Jewellery
 d - a ring of fire (left hand)
   (You found it on level 1 of the Dungeon)
 n - a ring of resist corrosion (right hand)
   (You found it on level 2 of the Dungeon)
Scrolls
 b - a scroll of vulnerability {unknown}
 f - a scroll of fear
 g - a scroll of teleportation {unknown}
 i - a scroll of noise {unknown}
Potions
 h - a potion of haste {unknown}
 j - a potion of mutation {unknown}


   Skills:
 + Level 2.0 Fighting
 - Level 1.7 Dodging
 + Level 2.9 Stealth
 - Level 1.7 Spellcasting
 * Level 3.2 Conjurations
 * Level 4.2 Fire Magic


You had 4 spell levels left.
You knew the following spells:

 Your Spells              Type           Power      Damage    Failure   Level
a - Foxfire               Conj/Fire      100%       2x1d9     4%          1
b - Scorch                Fire           74%        2d9       4%          2

Your spell library contained the following spells:

 Spells                   Type           Power      Damage    Failure   Level
 Conjure Flame            Conj/Fire      33%        6-21      12%         3
 Sting                    Tmut/Pois      8%         1d3       19%         1
 Inner Flame              Hex/Fire       20%        N/A       24%         3
 Poisonous Vapours        Pois/Air       4%         N/A       28%         2
 Flame Wave               Conj/Fire      33%        2d8       36%         4
 Olgreb's Toxic Radiance  Pois           2%         N/A       88%         4


Dungeon Overview and Level Annotations

Branches:
Dungeon (3/15)

Annotations:
D:3 Grinder


Innate Abilities, Weirdness & Mutations

You have an increased reservoir of magic. (+10% MP)
You shall have no god before yourself.
Your divine heritage dramatically boosts your attributes as you level up.


Message History

You feel a surge of power!
Flames lash the orc.
The orc's fire resistance burns away.
The foxfire hits the orc wizard.
The orc wizard barely misses you.
You feel a surge of power!
You conjure some foxfire!
The endoplasm jiggles.
The foxfire hits the orc but does no damage.
The orc wizard closely misses you.
You feel a surge of power!
Flames lash the orc.
The orc's fire resistance burns away.
The foxfire hits the endoplasm but does no damage.
The orc wizard hits you with a +0 dagger.
You feel a surge of power!
Flames lash the orc.
You kill the orc!
The endoplasm barely misses you.
The orc wizard hits you but does no damage.
The orc is no longer more vulnerable to fire.
The orc is no longer more vulnerable to fire.
The orc wizard gestures wildly while chanting.
The orc wizard flickers and vanishes!
Deactivating autopickup; reactivate with Ctrl-A.
There is an escape hatch in the floor here.
The endoplasm freezes you.
You are frozen.
There is a stone staircase leading up here.
You climb upwards.
Reactivating autopickup.
There is a stone staircase leading down here.
You start resting.
You climb downwards.
The orc shouts!
The endoplasm hits you. The orc hits you with a +0 mace.
The endoplasm freezes you.
You are frozen!
You feel a terrible chill!
There is a stone staircase leading up, spattered with blood here.
The orc closely misses you. The endoplasm closely misses you.
You climb upwards.
There is a stone staircase leading down here.
You feel a surge of power!
Flames lash the orc.
You kill the orc!
The endoplasm barely misses you.
You feel a surge of power!
Flames lash the endoplasm.
You kill the endoplasm!
You feel a surge of power!
You miscast Scorch.
You are very lightly contaminated with residual magic.
Nothing appears to happen.
You start resting.
Your magical contamination has completely faded away.
You start resting.
You start resting.
You climb downwards.
The orc wizard casts a spell at you. You resist with some effort.
There is a stone staircase leading up, spattered with blood here.
You feel a surge of power!
Flames lash the orc wizard.
The orc wizard's fire resistance burns away.
The orc wizard gestures at you while chanting.
The magic dart hits you.
You feel a surge of power!
You conjure some foxfire!
You feel a surge of power!
Flames lash the orc wizard.
The orc wizard is burned terribly!
You kill the orc wizard!
You feel a surge of power!
Flames lash the orc.
You kill the orc!
Things that are here:
a +0 dagger; a +0 robe; an orc corpse A goblin comes into view.
It is wielding a +0 club.
A goblin is nearby!
A goblin is nearby!
A goblin is nearby!
You feel a surge of power!
You conjure some foxfire!
You feel a surge of power!
You conjure some foxfire!
The foxfire hits the goblin.
You feel a surge of power!
You conjure some foxfire!
The foxfire hits the goblin.
You kill the goblin!
You feel a surge of power!
You conjure some foxfire!
Sigmund the Dreaded comes into view.
He is wielding a +0 scythe.
You feel a surge of power!
You conjure some foxfire!
You feel a surge of power!
You conjure some foxfire!
You feel a surge of power!
You conjure some foxfire!
The foxfire hits Sigmund.
Sigmund shouts!
The foxfire hits Sigmund but does no damage.
You feel a surge of power!
You conjure some foxfire!
You feel a surge of power!
You conjure some foxfire!
The foxfire hits Sigmund. x2
A ball python comes into view.
The foxfire hits Sigmund.
You feel a surge of power!
You conjure some foxfire!
You feel a surge of power!
Nothing appears to happen.
The foxfire hits Sigmund.
The foxfire hits Sigmund!
The foxfire hits Sigmund.
Grinder comes into view.
The foxfire hits Sigmund.
You feel a surge of power!
You conjure some foxfire!
Sigmund gestures at you while chanting. The magic dart hits you!
You don't have enough magic to cast this spell.
The foxfire hits Sigmund.
You kill Sigmund!
Grinder blinks!
Your Fighting skill increases to level 2!
Your Conjurations skill increases to level 3!
Your Fire Magic skill increases to level 4!
You have reached level 5!
Grinder blinks!
Grinder closely misses you. Grinder misses you. Grinder gestures at you.
Pain shoots through your body!
* * * LOW HITPOINT WARNING * * *
Grinder gestures at you. Pain shoots through your body!
* * * LOW HITPOINT WARNING * * *
You feel a surge of power!
You conjure some foxfire!
The foxfire hits Grinder!
The foxfire hits Grinder.
Grinder barely misses you. Grinder misses you. Grinder gestures at you.
Pain shoots through your body!
* * * LOW HITPOINT WARNING * * *
It was a potion of brilliance.
You feel clever all of a sudden. Grinder barely misses you.
Okay, then.
You feel a strong surge of power!
Flames lash Grinder.
Grinder's fire resistance burns away.
Grinder misses you. Grinder closely misses you.
It was a potion of degeneration.
There was something very wrong with that liquid.
You feel weakened.
You feel dopey.
You feel clumsy. Grinder gestures at you. You resist with significant effort.
It was a potion of heal wounds.
You feel much better. Grinder hits you!
* * * LOW HITPOINT WARNING * * *
You writhe in agony.
* * * LOW HITPOINT WARNING * * *
Grinder gestures at you.
You suddenly lose the ability to move!
Grinder hits you!
* * * LOW HITPOINT WARNING * * *
You writhe in agony.
* * * LOW HITPOINT WARNING * * *
Grinder is no longer more vulnerable to fire.
Grinder hits you.
* * * LOW HITPOINT WARNING * * *
You writhe in agony.
* * * LOW HITPOINT WARNING * * *
Grinder hits you but does no damage. Grinder hits you!
You die...

#... #.. ##.. ...
#.# ### #.###.# .
#S....#########..
##5###..#......)..
#
#@..###.....S...#
. ##...#
##.......## .
##..#..# ##......#
. ####...##.#
#......# .
#.##....### .#
#......# .
#....<..# .#
#......#
)##########.#..#
.# #...)..#
........######)#
#......#
.######.o>.###)###
########


You could see Grinder (fast) and a ball python.

Vanquished Creatures
  Sigmund (D:3)
  An orc wizard (D:3)
  3 adders (D:2)
  2 worms (D:2)
  3 dart slugs
  3 orcs
  6 endoplasms
  2 giant cockroaches
  3 goblins
  2 hobgoblins
  5 jackals (D:1)
  2 quokkas
  6 ball pythons
  3 bats
  A frilled lizard (D:2)
  4 kobolds
  2 rats (D:1)
49 creatures vanquished.

Vanquished Creatures (collateral kills)
  A foxfire (D:2)
1 creature vanquished.

Vanquished Creatures (others)
  125 foxfires
125 creatures vanquished.

Grand Total: 175 creatures vanquished

Notes
Turn   | Place    | Note
-------+----------+-------------------------------------------
     0 | D:1      | CryoSword the Demigod Fire Elementalist began the quest for
                  | the Orb.
     0 | D:1      | Reached XP level 1. HP: 14/14 MP: 5/5
    90 | D:1      | Reached skill level 1 in Conjurations
   547 | D:1      | Reached XP level 2. HP: 20/20 MP: 4/7
   552 | D:1      | Reached skill level 3 in Fire Magic
   581 | D:1      | Learned a level 2 spell: Scorch
  1123 | D:2      | Reached XP level 3. HP: 22/27 MP: 1/8
  1248 | D:2      | Reached skill level 1 in Fighting
  1999 | D:2      | Reached XP level 4. HP: 34/35 MP: 2/9
  2535 | D:3      | Noticed Sigmund
  2542 | D:3      | Noticed Grinder
  2544 | D:3      | Killed Sigmund
  2545 | D:3      | Reached skill level 4 in Fire Magic
  2545 | D:3      | Reached XP level 5. HP: 31/41 MP: 1/10
  2555 | D:3      | HP: 1/41 [Grinder/nerve-wracking pain (9)]
  2559 | D:3      | Paralysed by Grinder for 6 turns
  2561 | D:3      | HP: 2/41 [Grinder (1)]
  2562 | D:3      | Mangled by Grinder

Illustrated notes

Levels and vault maps discovered:
D:1:      dpeg_arrival_more_subterranean_lakeside_camping, layout_basic,
          minivault_25
D:2:      layout_rooms, basic_altar
D:3:      layout_rooms, grunt_decor_mini_mirrors, kennysheep_cluttered_room,
          uniq_sigmund, uniq_grinder, uniq_jessica

Skill      XL: |  1  2  3  4 |
---------------+-------------+-----
Conjurations   | 1 2 3 |  3.2
Stealth        | 2 |  2.9
Fire Magic     | 3 4 |  4.2
Fighting       | 1 2 |  2.0
Dodging        | |  1.7
Spellcasting   | |  1.7

Action                   |  1- 3 |  4- 6 || total
-------------------------+-------+-------++-------
Melee: Unarmed           |     6 |       ||     6
       Whip              |     2 |       ||     2
       Dagger            |     3 |       ||     3
 Cast: Foxfire           |    63 |    15 ||    78
       Scorch            |    21 |    11 ||    32
  Use: Scroll            |     1 |       ||     1
       Potion            |       |     3 ||     3
Armor: Robe              |       |     2 ||     2
Dodge: Dodged            |    10 |    14 ||    24
